[Event "*** Titled Tuesday Blitz"]
[Site "Chess.com"]
[Date "2020.02.04"]
[Round "8"]
[White "BocharovD"]
[Black "RoelandPruijssers"]
[Result "0-1"]
[WhiteElo "2744"]
[BlackElo "2634"]
[TimeControl "180+2"]
[EndTime "10:57:54 PST"]
[Termination "RoelandPruijssers won by resignation"]

1. c4 f5 2. Nf3 Nf6 3. d4 d6 4.
Nc3 g6 5. e3 Bg7 6. Be2 O-O 7. b4 e5 8. Bb2 Qe7 9. O-O e4 10. Nd2 f4 11. exf4 e3 12. fxe3 Qxe3+ 13. Kh1 Qxd4 14. Nb3 Qe3 15. Bf3 Nc6 16. b5 Nb4 17. Qe2 Qxe2 18. Nxe2 Nd3 19. Bd4 Ng4 20. Bxg7 Kxg7 21. Bxg4 Bxg4 22. Ned4 Rxf4 23. h3 Bd7 24. Rxf4 Nxf4 25. c5 Re8 26. c6 Bc8 27. Rf1 Nh5 28. cxb7 Bxb7 29. Rc1 Re7 30. Kg1 Nf4 31. Rc2 Re1+ 32.
Kf2 Re7 33. Kg3 g5 34. h4 Kg6 35.
hxg5 Kxg5 36. Kh2 h5 37. a4 h4 38. a5 Bd5 39. Nd2 Nh5 40. N2f3+ Kg4 41. Nc6 Re4 42.
Nxa7 h3 43. Rxc7 hxg2 44. Ng1 Kg5 45. Nf3+ Kg4 46. Ng1 Kf5 47. Nf3 Rg4 48. Nc6 Bxf3 49. Nd4+ Rxd4 0-1

[Event "*** Titled Tuesday Blitz"]
[Site "Chess.com"]
[Date "2020.02.04"]
[Round "8"]
[White "Indianlad"]
[Black "Firouzja2003"]
[Result "1/2-1/2"]
[WhiteElo "2929"]
[BlackElo "3153"]
[TimeControl "180+2"]
[EndTime "10:58:01 PST"]
[Termination "Game drawn by agreement"]

1. e4 e5 2. Nf3 Nc6 3. Bb5 a6 4. Ba4 Nf6 5. O-O Be7 6. Re1 b5 7. Bb3 d6 8. c3 O-O 9. h3 Re8 10. Ng5 Rf8 11. Nf3 Nb8 12. d4 Nbd7 13. Nbd2 Bb7 14.
Bc2 Re8 15. Nf1 Bf8 16. Ng3 g6 17. a4 Nb6 18. a5 Nbd7 19. d5 c6 20. dxc6 Bxc6 21.
b4 d5 22. Bb3 dxe4 23. Ng5 Re7 24. N5xe4 Nxe4 25. Nxe4 Bxe4 26. Rxe4 Nf6 27. Qxd8 Rxd8 28. Re2 Rc7 29. Bg5 Bg7 30. Rc1 h6 31. Be3 Rd3 32. Rd2 Rxd2 33. Bxd2 Ne4 34. Be1 Nd6 35. Rd1 Rc6 36. Bd5 Rc7 37. f3 Kh7 38. Bf2 e4 39.
fxe4 Rxc3 40. Bc5 Be5 41. Rf1 h5 42. Bxd6 Bxd6 43. Rxf7+ Kh6 44. Rf6 Bg3 45. Rf3 Rc1+ 46. Rf1 Rc2 47. Bb7 Rb2 48. Bxa6 Rxb4 49. Bb7 Ra4 50. a6 b4 51. Rb1 b3 52. Kf1 Ra3 53. Ke2 Be5 54. Kd3 b2+ 55. Kc2 Ra2 56. Kb3 Ra5 57.
h4 g5 58. hxg5+ Kxg5 59. Rxb2 Rb5+ 60. Kc4 Rxb2 61. a7 Ra2 62. a8=Q Rxa8 63. Bxa8 Kf4 64.
Kd5 h4 65. Bc6 Bg7 1/2-1/2

[Event "*** Titled Tuesday Blitz"]
[Site "Chess.com"]
[Date "2020.02.04"]
[Round "8"]
[White "Manukyan_Artak"]
[Black "GelmanAlexander"]
[Result "0-1"]
[WhiteElo "2336"]
[BlackElo "2461"]
[TimeControl "180+2"]
[EndTime "10:58:08 PST"]
[Termination "GelmanAlexander won by resignation"]

1. e4 c5 2. Nf3 e6 3. c3 d5 4. e5 Nc6 5. d4 Bd7 6. a3 f6 7. Bd3 c4 8. Bc2 fxe5 9. Nxe5 Nxe5 10.
dxe5 Ne7 11. O-O Qc7 12. f4 O-O-O 13. Be3 Kb8 14. Nd2 Nc6 15. Nf3 Be7 16. Nd4 Nxd4 17.
Bxd4 Rdf8 18. Qd2 g6 19. Rf3 Rf7 20. Raf1 Rhf8 21. g4 Bc5 22. g5 Qb6 23. Bxc5 Qxc5+ 24. Qd4 Qxd4+ 25. cxd4 b5 26. Kg2 a5 27. Kg3 b4 28.
axb4 axb4 29. Ra1 Kb7 30. h4 Ra8 31. Rxa8 Kxa8 32. h5 gxh5 33. Kh4 Kb7 34. Kxh5 Be8 35. Kh6 Kc6 36. Bxh7 Ra7 37. g6 Ra2 38. g7 Bf7 39. f5 Rxb2 40. fxe6 Rh2+ 41. Kg5 Bxe6 42. Rf6 Rg2+ 43. Kh6 Rh2+ 44. Kg5 Rg2+ 45. Kf4 Rxg7 46.
Rxe6+ Kb5 47. Rh6 b3 48. Bf5 c3 49. Rh2 Kc4 50. e6 Kxd4 51. Re2 Re7 52. Kg5 c2 53. Bxc2 bxc2 54. Rxc2 Rxe6 55. Rd2+ Kc4 56. Kf5 Re8 57.
Rc2+ Kd3 58. Rc7 d4 59. Rd7 Ke3 60. Rh7 d3 61. Rh8 Rxh8 0-1

[Event "*** Titled Tuesday Blitz"]
[Site "Chess.com"]
[Date "2020.02.04"]
[Round "8"]
[White "Majkelopulos"]
[Black "Grieve72"]
[Result "1-0"]
[WhiteElo "2480"]
[BlackElo "2325"]
[TimeControl "180+2"]
[EndTime "10:58:14 PST"]
[Termination "Majkelopulos won by resignation"]

1. e4 c5 2. Ne2 Nc6 3. g3 g6 4. Bg2 Bg7 5. c3 Nf6 6. d4 cxd4 7. cxd4 d5 8. e5 Ne4 9. f3 Qa5+ 10. Kf1 Bf5 11.
fxe4 Bxe4 12. Nbc3 Bxg2+ 13. Kxg2 h5 14. Be3 h4 15. Qb3 O-O-O 16. Rac1 Kb8 17. Rhf1 hxg3 18. hxg3 Bxe5 19. dxe5 d4 20. Bf4 dxc3 21. e6+ Ka8 22. Nxc3 Nd4 23. Qd1 Nxe6 24. Qf3 Nd4 25. Qe4 Qb4 26.
Rf2 f5 27. Qe5 Nc6 28. Qb5 Qd4 29. Qe2 e5 30. Be3 Qb4 31. Rd1 Rxd1 32. Qxd1 Qc4 33. Qd5 Qg4 34. Ne2 Qh3+ 35. Kg1 e4 36. Rg2 Qh1+ 37.
Kf2 Qh5 38. Ng1 Rd8 39. Qb3 Ne5 40. Ke1 Nd3+ 41. Kf1 g5 42. Rd2 Rc8 43. Rxd3 exd3 44. Qxd3 Qf7 45. Qd4 b6 46. Ne2 Qxa2 47. Bxg5 Qc4 48. Qxc4 Rxc4 49. Kf2 a5 50. Ke3 Kb7 51. Bf6 a4 52. Bd4 b5 53. Kf4 b4 54. Kxf5 Kc6 55. Ke5 Rc2 56. Nf4 a3 57. bxa3 bxa3 58. Nd3 a2 59. Nb4+ 1-0

[Event "*** Titled Tuesday Blitz"]
[Site "Chess.com"]
[Date "2020.02.04"]
[Round "8"]
[White "LastGladiator1"]
[Black "Mr_Sinigami"]
[Result "1-0"]
[WhiteElo "2851"]
[BlackElo "2734"]
[TimeControl "180+2"]
[EndTime "10:58:16 PST"]
[Termination "LastGladiator1 won by resignation"]

1. c4 Nf6 2. Nc3 g6 3. d4 Bg7 4. e4 d6 5. f4 O-O 6. Nf3 c5 7. d5 e6 8. Be2 exd5 9. cxd5 Bg4 10. e5 dxe5 11. fxe5 Bxf3 12. Bxf3 Re8 13. O-O Rxe5 14. Bf4 Re8 15. Qb3 Qb6 16. d6 Nc6 17. Nd5 Qxb3 18. axb3 Nxd5 19. Bxd5 Bxb2 20. Rae1 Bd4+ 21. Kh1 Kg7 22. g4 Rad8 23. Kg2 f6 24. g5 Rxe1 25.
Rxe1 Be5 26. Bxc6 bxc6 27. Bxe5 fxe5 28. Rxe5 Rxd6 29. Rxc5 h6 30. Ra5 Rd7 31. Ra6 Rc7 32. h4 hxg5 33. hxg5 Kf7 34. Kf3 Ke6 35. Ke4 Kd6 36.
Kd4 Rf7 37. b4 Rf4+ 38. Kc3 Rf5 39. Rxa7 Rxg5 40. Rg7 Rg4 41. Rg8 g5 42. Rg6+ Kd5 43.
Kb3 Rg3+ 44. Ka4 Rg1 45. Ka5 g4 46. Kb6 Kc4 47. Kxc6 Kxb4 48. Kd5 Kc3 49. Ke4 g3 50. Kf3 g2 51. Rg3 Rf1+ 52. Kxg2+ Kd2 53. Kxf1 1-0

[Event "*** Titled Tuesday Blitz"]
[Site "Chess.com"]
[Date "2020.02.04"]
[Round "8"]
[White "karinachess1"]
[Black "NemtsevIgor"]
[Result "0-1"]
[WhiteElo "2490"]
[BlackElo "2406"]
[TimeControl "180+2"]
[EndTime "10:58:20 PST"]
[Termination "NemtsevIgor won on time"]

1. c4 c6 2. Nc3 d6 3. d4 h6 4. h4 Nf6 5. Nf3 g6 6. g3 Bg7 7. Bg2 Nbd7 8. O-O g5 9. hxg5 hxg5 10. Bxg5 Nf8 11. Qd3 Qa5 12. e4 Bg4 13. d5 Ng6 14. a3 Nd7 15. b4 Qc7 16. Rac1 Nde5 17. Nxe5 Nxe5 18. Qe3 Qd7 19. Bh4 Nxc4 20. dxc6 bxc6 21. Qd3 Ne5 22. Qe3 Bh3 23. Ne2 Bxg2 24. Kxg2 Bh6 25. f4 Qg4 26. Rh1 Rg8 27. Rcf1 a5 28. b5 cxb5 29.
Nd4 Rc8 30. Qe2 Qxe2+ 31. Nxe2 Ng4 32. Rc1 Kd7 33. Kf3 Rxc1 34. Rxc1 e5 35. Rb1 Kc6 36. Nc3 exf4 37. gxf4 f5 38. exf5 Nh2+ 39. Ke4 Re8+ 40. Kd3 Bxf4 41. Rxb5 Re3+ 42. Kd2 Rxc3+ 43. Kxc3 Kxb5 44.
f6 Bh6 45. Bg3 Ng4 46. Bxd6 Nxf6 47. Be5 Nd5+ 48. Kb3 a4+ 49. Ka2 Be3 50. Bb2 Bd2 51. Bd4 Kc4 52. Bb2 Bc3 53. Bc1 Bd4 54. Bh6 Nc3+ 55. Kb2 Nb5+ 56. Ka2 Kd3 57. Bf8 Kc2 58.
Bb4 Nc3+ 0-1

[Event "*** Titled Tuesday Blitz"]
[Site "Chess.com"]
[Date "2020.02.04"]
[Round "8"]
[White "przemekpiotrowski"]
[Black "LLRChess"]
[Result "1-0"]
[WhiteElo "2381"]
[BlackElo "2480"]
[TimeControl "180+2"]
[EndTime "10:58:24 PST"]
[Termination "przemekpiotrowski won by resignation"]

1. d4 f5 2. Nf3 Nf6 3. g3 e6 4. Bg2 d5 5. O-O Bd6 6. c4 c6 7. c5 Be7 8. Bf4 O-O 9. Nc3 b6 10. b4 a5 11. a3 Ne4 12. Na4 Nd7 13. Ne5 Nxe5 14. Bxe5 axb4 15. axb4 bxc5 16. bxc5 Ba6 17. Nb6 Ra7 18. Ra5 Bxe2 19. Rxa7 Bxd1 20. Rxd1 Nxc5 21. Bc7 Qe8 22. dxc5 Bxc5 23. Ra5 Qe7 24. Ra7 f4 25. Bb8 Qd8 26. Bc7 Qe7 27. Bb8 Bxf2+ 28. Kh1 Qb4 29. Be5 Rf5 30. Rxg7+ Kf8 31. Nd7+ Ke8 32.
Nf6+ Rxf6 33. Bxf6 f3 34. Bxf3 Qb3 35. Bh5+ Kf8 36. Rf7+ Kg8 37. Ra1 Qb8 38. Rg7+ Kf8 39. Rf7+ Kg8 40. Rf1 Qb5 41. Rg7+ Kf8 42. Rf7+ Kg8 43.
Rxf2 Qb1+ 44. Kg2 Qe4+ 45. Bf3 Qe3 46. Rg7+ Kf8 47. Bh5 Qe4+ 48. Kh3 Qe3 49. Rf7+ Kg8 50. Ra2 1-0

[Event "*** Titled Tuesday Blitz"]
[Site "Chess.com"]
[Date "2020.02.04"]
[Round "8"]
[White "Atakishiyev04"]
[Black "AntonSmirnov"]
[Result "1-0"]
[WhiteElo "2806"]
[BlackElo "2908"]
[TimeControl "180+2"]
[EndTime "10:58:25 PST"]
[Termination "Atakishiyev04 won by resignation"]

1. d4 d5 2. c4 c6 3. Nf3 Nf6 4.
e3 Bg4 5. Nc3 e6 6. Be2 Nbd7 7.
O-O Bd6 8. c5 Bc7 9. b4 a6 10.
a4 O-O 11. h3 Bh5 12. Qc2 Bg6 13. Bd3 e5 14. Bxg6 fxg6 15. Bb2 e4 16. Nd2 Qe7 17.
b5 Rae8 18. Rae1 Nh5 19. Qd1 Rf7 20. Qe2 axb5 21. axb5 Ref8 22. b6 Bb8 23. Ra1 Qh4 24. Qg4 Qe7 25. Ra5 Rf5 26. Raa1 Rg5 27. Qe2 Qe6 28. g4 Rf3 29. Nxf3 Rxg4+ 30. Kh1 Rg3 31. fxg3 Nxg3+ 32. Kg2 Nxe2 33. Nxe2 exf3+ 34. Rxf3 h6 35. Ra7 Bxa7 36. bxa7 Qe8 37. Rf1 Qa8 38. Ra1 b6 39.
Nf4 Kf7 40. Nd3 bxc5 41. dxc5 g5 42. Ne5+ Ke6 43. Nxd7 Kxd7 44. Bxg7 Kc7 45. Bxh6 Kd7 46. Bxg5 Ke6 47. h4 Ke5 48. Kh1 Ke4 49. h5 Kf3 50. h6 Qc8 51. Kh2 Qc7+ 52. Bf4 Qd8 53. Bg3 Qh8 54.
Rf1+ Ke2 55. Kg2 Qa8 56. Rf7 Qe8 57. Rf2+ Kxe3 58. h7 Qe4+ 59. Kg1 Qe8 60. Ra2 Qg6 61. Ra3+ Ke2 62. h8=Q 1-0

[Event "*** Titled Tuesday Blitz"]
[Site "Chess.com"]
[Date "2020.02.04"]
[Round "8"]
[White "vovachesss"]
[Black "TheBigBoss04"]
[Result "0-1"]
[WhiteElo "2570"]
[BlackElo "2697"]
[TimeControl "180+2"]
[EndTime "10:58:28 PST"]
[Termination "TheBigBoss04 won by resignation"]

1. e4 g6 2. d4 Bg7 3. Nc3 d6 4. g3 h5 5. h4 Nc6 6. Nge2 Bg4 7. Be3 Bf3 8. Rg1 e5 9. Qd2 Nf6 10. Bg2 Bxg2 11. Rxg2 exd4 12. Nxd4 Ng4 13. Nxc6 bxc6 14. Bd4 Ne5 15. O-O-O Nf3 16. Qe3 Bh6 17. Bxh8 Bxe3+ 18.
fxe3 Qe7 19. Rf2 Ne5 20. Bxe5 Qxe5 21. Rdf1 Qe7 22. e5 Qxe5 23. Rxf7 Qxe3+ 24. Kb1 O-O-O 25. R7f3 Qe5 26. a3 Kb7 27. Rf4 c5 28. g4 hxg4 29. Rxg4 Rh8 30. Rxg6 Rxh4 31. Rg2 Rh2 32. Rxh2 Qxh2 33.
Re1 Qg2 34. Re2 Qh1+ 35. Ka2 d5 36. Re5 d4 37. Na4 c4 38. Rb5+ Kc8 39. Rc5 d3 40.
Rxc4 d2 41. Nc3 d1=Q 42. Nxd1 Qxd1 43. b3 Kb7 44. Kb2 a5 45. Ka2 Qc1 46. a4 Kb6 47.
Rc3 Qe1 48. Rc4 Qe2 49. Kb2 c5 50. Rh4 Kc6 51. Rc4 Kd5 52. Rh4 Qf2 53. Rc4 Qf6+ 54. Ka2 Qf1 55. Rc3 Kd4 56. Rc4+ Qxc4 57. bxc4 Kc3 58.
Kb1 Kxc4 59. Kb2 Kb4 60. c3+ Kxa4 61. Ka2 Kb5 62. Kb3 a4+ 63. Ka3 Kc4 64. Kb2 a3+ 65. Kxa3 Kxc3 0-1

[Event "*** Titled Tuesday Blitz"]
[Site "Chess.com"]
[Date "2020.02.04"]
[Round "8"]
[White "Aygehovit1992"]
[Black "kesarev"]
[Result "1-0"]
[WhiteElo "2655"]
[BlackElo "2471"]
[TimeControl "180+2"]
[EndTime "10:58:28 PST"]
[Termination "Aygehovit1992 won by resignation"]

1. e4 g6 2. d4 Bg7 3. Nc3 c5 4. d5 d6 5. Nf3 Bg4 6. h3 Bxf3 7. Qxf3 Nd7 8. Bb5 Nf6 9. g4 a6 10. Be2 b5 11. g5 Ne5 12. Qg2 Nfd7 13. f4 Nc4 14. h4 Qa5 15. Rh3 h5 16. Bxc4 bxc4 17.
Bd2 Qb6 18. Rb1 Qc7 19. Qe2 Nb6 20. f5 Be5 21. Nd1 gxf5 22. exf5 Nxd5 23. Qxc4 Qc6 24. Qe4 Kd7 25. c4 Nb4 26. Qxc6+ Nxc6 27. Bc3 Bxc3+ 28. Nxc3 Nd4 29. Nd5 Rab8 30. f6 e6 31. Nf4 a5 32.
Kd2 a4 33. Kc3 Rb7 34. Re3 Nf5 35. Rh3 Rb4 36. Nd3 Rb6 37. b4 axb3 38. axb3 e5 39. b4 cxb4+ 40. Rxb4 Rxb4 41. Nxb4 Ra8 42. Nc2 Ke6 43. Rh1 Ra6 44. Kb3 e4 45. Nb4 Ra8 46.
Nd5 Ke5 47. Kb4 e3 48. Kb5 Rb8+ 49. Kc6 Nd4+ 50. Kd7 Rb7+ 51. Ke8 e2 52. Ne7 Ke6 53. Kf8 Nf3 54. Nc6 Rc7 55. Nd8+ Kd7 56. Nxf7 e1=Q 57. Rxe1 Nxe1 58. g6 Nf3 59. Ng5 Nxh4 60. g7 Rc8+ 61. Kf7 Nf5 62. Kg6 Ng3 63. f7 h4 64.
f8=Q h3 1-0

[Event "*** Titled Tuesday Blitz"]
[Site "Chess.com"]
[Date "2020.02.04"]
[Round "8"]
[White "Zq1"]
[Black "BeanScreen"]
[Result "0-1"]
[WhiteElo "2539"]
[BlackElo "2563"]
[TimeControl "180+2"]
[EndTime "10:58:28 PST"]
[Termination "BeanScreen won by resignation"]

1. d4 d5 2. c4 dxc4 3. Nf3 a6 4. e3 Nf6 5. Bxc4 e6 6. Qe2 c5 7. O-O Nc6 8. dxc5 Bxc5 9. e4 Qc7 10. Bg5 Ng4 11.
g3 h5 12. Nc3 h4 13. Bf4 e5 14.
Nd5 Qd6 15. Bd2 Qg6 16. Ne3 hxg3 17. fxg3 Qh6 18. Bxf7+ Kxf7 19. Qc4+ Ke8 20. Qxc5 Nxh2 21. Nh4 Nxf1 22. Rxf1 Qg5 23. Nef5 Qxd2 24. Nxg7+ Kd8 25. Qb6+ Ke7 26. Ng6+ Kd6 27. Rf6+ Kd7 28. Rf7+ Kd6 29. Rf6+ Kd7 30. Nxe5+ Ke7 31. Rf7+ Kd6 32. Qc7+ Kc5 33. Nf3 Qd1+ 34. Kf2 Qc2+ 35. Ke3 Qc1+ 36. Ke2 Qc2+ 37. Ke3 Qc1+ 38. Kf2 Qxb2+ 39. Ke3 Qa3+ 40.
Kf4 Qxa2 41. Nf5 Qe6 42. N3d4 Qe5+ 43. Qxe5+ Nxe5 44. Kxe5 Bxf5 45. Nxf5 Rae8+ 46. Kf4 b5 47. e5 b4 48. Rc7+ Kb6 49. Rc4 a5 50. Nd6 Ref8+ 51. Ke4 Rhg8 52. Kd5 Rxg3 53. Rc6+ Ka7 54. Rc7+ Kb8 55.
Rc5 Rd3+ 56. Kc6 Rc3 57. Nc4 Rxc4 58. Rxc4 Rc8+ 0-1

[Event "*** Titled Tuesday Blitz"]
[Site "Chess.com"]
[Date "2020.02.04"]
[Round "8"]
[White "czasnaszachy"]
[Black "HouseOfDurin"]
[Result "1-0"]
[WhiteElo "2297"]
[BlackElo "2074"]
[TimeControl "180+2"]
[EndTime "10:58:30 PST"]
[Termination "czasnaszachy won by resignation"]

1. d4 Nf6 2. c4 c5 3. d5 b5 4.
cxb5 a6 5. f3 axb5 6. e4 b4 7. e5 Ng8 8. d6 e6 9. Be3 b3 10. Qxb3 f6 11. f4 fxe5 12. fxe5 Qh4+ 13. Bf2 Qe4+ 14. Be2 Ba6 15. Nc3 Qxe5 16. Nf3 Qxd6 17. Rd1 Qc7 18. Bb5 Nf6 19. Qxe6+ Be7 20. Qc4 Bxb5 21. Nxb5 Qa5+ 22. Rd2 d5 23. b4 dxc4 24. bxa5 Rxa5 25. Nc7+ Kf7 26. Ne5+ Kf8 27. Nxc4 Ra7 28.
Ne6+ Kf7 29. Nxc5 Bxc5 30. Bxc5 Re8+ 31. Kd1 Rc7 32. Nd6+ Kg6 33. Nxe8 Rxc5 34. Nxf6 gxf6 35. Re1 Na6 36. Re4 Ra5 37. a4 Nc7 38. Rc4 Nd5 39. Ke1 Ne3 40. Rb4 Nd5 41. Rb5 Rxa4 42. Rbxd5 Re4+ 43.
Kf2 Rf4+ 44. Kg1 Ra4 45. R5d3 Ra1+ 46. Rd1 Ra5 47. Kf2 Rf5+ 48. Rf3 Rg5 49. Rd6 Kg7 50. Rdxf6 Rb5 51. Rf7+ Kg8 52. Ra7 h5 53. h4 Rb2+ 54.
Kg3 Rb6 55. Rc3 Rg6+ 56. Kh3 Rg7 57. Rc8+ Kh7 58. Rxg7+ Kxg7 59. Rc5 Kg6 60. Rg5+ Kh6 61. Kg3 Kh7 62. Kf4 Kh6 63. Kf5 Kh7 64. Kf6 Kh6 65. Kf7 1-0

[Event "*** Titled Tuesday Blitz"]
[Site "Chess.com"]
[Date "2020.02.04"]
[Round "8"]
[White "ChessPromotionAlex"]
[Black "NiranjanNavalgund"]
[Result "1-0"]
[WhiteElo "2526"]
[BlackElo "2404"]
[TimeControl "180+2"]
[EndTime "10:58:53 PST"]
[Termination "ChessPromotionAlex won by resignation"]

1. e4 e5 2. Nf3 Nc6 3. Bb5 a6 4. Ba4 Nf6 5. O-O Be7 6. Re1 b5 7. Bb3 d6 8. c3 O-O 9. h3 Qd7 10. d4 Bb7 11. Nbd2 Rfe8 12. Nf1 Bf8 13. Ng3 g6 14. Bg5 Bg7 15. Qd2 Na5 16. Bc2 Nc4 17.
Qc1 c5 18. d5 Nb6 19. Bh6 Nfxd5 20. exd5 Nxd5 21. Bxg7 Kxg7 22. Qg5 f6 23. Nh5+ Kf7 24. Qh6 Kg8 25. Bxg6 hxg6 26. Qxg6+ Kh8 27. Rad1 Qh7 28. Qxh7+ Kxh7 29. Rxd5 Kg6 30. Rxd6 Bxf3 31. Rxf6+ Kxh5 32. Rxf3 Rad8 33. Re2 c4 34. Kh2 Rd3 35. Rfe3 Rxe3 36. Rxe3 Kg6 37. g4 e4 38. Kg3 Rd8 39. Rxe4 Rd2 40. b3 Rd3+ 41. Kf4 Rxc3 42. bxc4 Rxh3 43. Re6+ Kf7 44. Rxa6 bxc4 45. g5 c3 46. Kg4 Rh2 47. f4 Rb2 48. Rc6 c2 49. a4 Ke7 50. a5 Kd7 51.
Rc3 Ra2 52. g6 Ke6 53. Rc6+ Kd7 54. Rc3 Ke6 55. f5+ Kf6 56. Rc6+ Kg7 57. Kg5 Rxa5 58. Rc7+ Kg8 59. Rxc2 Rb5 60. Rc7 Ra5 61. Kh6 Ra8 62. f6 Rf8 63. Rg7+ Kh8 64. Rh7+ Kg8 65. f7+ Rxf7 66. Rxf7 1-0

[Event "*** Titled Tuesday Blitz"]
[Site "Chess.com"]
[Date "2020.02.04"]
[Round "8"]
[White "Quiet_Desperation"]
[Black "MikeSailer"]
[Result "1/2-1/2"]
[WhiteElo "2424"]
[BlackElo "2124"]
[TimeControl "180+2"]
[EndTime "10:59:07 PST"]
[Termination "Game drawn - insufficient material"]

1. e4 d5 2. exd5 Qxd5 3. Nc3 Qd6 4. Nf3 Nf6 5. Be2 c6 6. O-O Bg4 7. h3 Bh5 8. d4 e6 9. Ne5 Bxe2 10. Qxe2 Be7 11.
Rd1 O-O 12. Bf4 Qd8 13. Rd3 Nd5 14. Nxd5 exd5 15. Re1 Bg5 16. Bh2 Nd7 17. Qg4 Nxe5 18.
dxe5 Re8 19. f4 Bh6 20. Qh5 Qb6+ 21. Kh1 Qxb2 22. g4 Qxc2 23. Rdd1 Rad8 24. g5 Bxg5 25. Qxg5 h6 26. Qg3 d4 27. f5 Qxf5 28. Rg1 Qe4+ 29. Rg2 g6 30. Re1 Qf5 31. Rf2 Qe6 32. Rf6 Qd5+ 33.
Kg1 Re6 34. Rxe6 Qxe6 35. Qh4 Rd5 36. Qxh6 d3 37. Bf4 Qf5 38. Qg5 d2 39. Rd1 Qxh3 40.
Rxd2 Rxd2 41. Bxd2 Qe6 42. Qd8+ Kg7 43. Be3 Qxa2 44.
Qf6+ Kg8 45. Bh6 Qb1+ 46. Kh2 Qc2+ 47. Kg3 Qd3+ 48. Kh2 Qe2+ 49. Kg3 Qe1+ 50. Kg2 Qe4+ 51. Kg1 Qg4+ 52. Kf2 Qf5+ 53. Qxf5 gxf5 54. Be3 b6 55. Kg3 Kf8 56. Kf4 Ke7 57. Kxf5 c5 58. Ke4 Ke6 59. Bg5 b5 60. Bf6 a5 61. Kd3 Kd5 62. Kc3 a4 63.
Kb2 b4 64. Be7 Kc4 65. Bd6 a3+ 66. Ka2 Kc3 67. Bxc5 b3+ 68. Kxa3 Kc4 69. Bd6 Kd5 70. Bb8 Ke6 71. Kxb3 f6 72. exf6 Kxf6 1/2-1/2

[Event "*** Titled Tuesday Blitz"]
[Site "Chess.com"]
[Date "2020.02.04"]
[Round "8"]
[White "Witik"]
[Black "GMKrikor"]
[Result "1-0"]
[WhiteElo "2613"]
[BlackElo "2811"]
[TimeControl "180+2"]
[EndTime "10:59:13 PST"]
[Termination "Witik won by resignation"]

1. d4 Nf6 2. Bf4 c5 3. e3 g6 4.
Nf3 Bg7 5. Nbd2 O-O 6. h3 d6 7.
Be2 b6 8. O-O Bb7 9. c3 Nbd7 10.
Bh2 Re8 11. a4 a6 12. Re1 Qc7 13. Bf1 Rac8 14. e4 cxd4 15. Nxd4 Qb8 16. Kh1 Qa8 17. f3 Bh6 18. Nc4 d5 19. exd5 Nxd5 20. Qc2 N7f6 21.
Ne5 Bf4 22. Qb3 Bxh2 23. Kxh2 Qb8 24. g3 a5 25. Bb5 Red8 26. Re2 h5 27. h4 Kg7 28. Rae1 Qc7 29. Nxf7 Kxf7 30. Ne6 Qd6 31. c4 Rg8 32. cxd5 Bxd5 33. Ng5+ Kf8 34. Qe3 Rc7 35. Qd4 Kg7 36. Ne6+ Bxe6 37. Qxd6 exd6 38. Rxe6 Rd8 39. Re7+ Rxe7 40. Rxe7+ Kh6 41. Re6 Kg7 42. Re7+ Kf8 43. Rb7 d5 44. Rxb6 Ke7 45. Kg2 d4 46. Bc4 Nd7 47. Re6+ Kf8 48. Rd6 Ke7 49. Rxd4 Rb8 50.
Bb5 Nc5 51. Rd5 Rc8 52. f4 Rc7 53. Kf3 Ne6 54. Re5 Kf6 55. b3 Rc2 56. Bc4 Rc3+ 57. Re3 Nd4+ 58. Ke4 Rxe3+ 59. Kxe3 Nf5+ 60. Kf3 Ne7 61. Ke4 Nf5 62. Kf3 Ne7 63. Bd3 Nc6 64. Ke4 Nb4 65.
Kd4 Nc6+ 66. Kc5 Ne7 67. Kb5 Nd5 68. Kxa5 1-0

[Event "*** Titled Tuesday Blitz"]
[Site "Chess.com"]
[Date "2020.02.04"]
[Round "8"]
[White "Ginzburg_Yakov"]
[Black "MasterKroket"]
[Result "1/2-1/2"]
[WhiteElo "2513"]
[BlackElo "2416"]
[TimeControl "180+2"]
[EndTime "10:59:25 PST"]
[Termination "Game drawn - insufficient material"]

1. d4 Nf6 2. Nf3 e6 3. c4 b6 4. Nc3 Bb7 5. g3 Be7 6. Bg2 O-O 7. O-O Ne4 8. Qc2 Nxc3 9. Qxc3 f5 10. Rd1 Bf6 11. Bf1 d6 12. Qe1 Qe7 13. d5 e5 14.
e4 Bc8 15. Bh3 g6 16. Bh6 Rf7 17. Kh1 a5 18. Qe2 Na6 19. exf5 Bxf5 20. Bxf5 gxf5 21.
Nh4 Bxh4 22. gxh4 Qxh4 23. Rg1+ Kh8 24. Bg5 Qe4+ 25. Qxe4 fxe4 26. Rg2 Raf8 27. Be3 Rg7 28. Rxg7 Kxg7 29. Rg1+ Kf7 30. Rg4 Kf6 31. Rxe4 h5 32. Rh4 Kg6 33. a3 a4 34. Kg2 Rf5 35. f4 exf4 36. Rxf4 Rxf4 37. Bxf4 Kf5 38. Be3 Ke4 39. Kf2 Kd3 40. Bg5 Kxc4 41. Kg3 Kxd5 42. Kh4 Ke6 43. Kxh5 Nc5 44. Kg6 Ne4 45. h4 d5 46. Bd8 d4 47.
Bxc7 d3 48. Bf4 Ng3 49. h5 Nf5 50. h6 Ne7+ 51. Kg7 Nf5+ 52. Kg6 Ne7+ 53. Kg5 Kf7 54. Kg4 Ng6 55. Bd2 Ne5+ 56. Kf4 Nc4 57. Ke4 Nxb2 58. Kd4 b5 59. Kc3 Nc4 60. Kxd3 Nxa3 61. Bc3 Kg6 62. Kd4 Nc4 63. Kc5 a3 64. Kxb5 Nb2 65. h7 Kxh7 66. Kb4 a2 67. Bxb2 a1=Q 68. Bxa1 1/2-1/2

[Event "*** Titled Tuesday Blitz"]
[Site "Chess.com"]
[Date "2020.02.04"]
[Round "8"]
[White "W_Amadeus"]
[Black "GukeshDommaraju"]
[Result "0-1"]
[WhiteElo "2722"]
[BlackElo "2676"]
[TimeControl "180+2"]
[EndTime "10:59:34 PST"]
[Termination "GukeshDommaraju won by resignation"]

1. e4 c5 2. Nf3 d6 3. d4 cxd4 4. Nxd4 Nf6 5. Nc3 a6 6. Be3 e5 7. Nb3 Be7 8. f3 h5 9. Qd2 Be6 10. Nd5 Nxd5 11. exd5 Bf5 12. Be2 Nd7 13. O-O Qc7 14.
Rac1 Rc8 15. c4 Bg6 16. f4 exf4 17. Bxf4 Qb6+ 18. Be3 Qd8 19. Nd4 Ne5 20. Nf5 Bxf5 21. Rxf5 Bf6 22. b3 g6 23. Rf2 O-O 24. Rcf1 Bg7 25. Bh6 Qe7 26. Bxg7 Kxg7 27. Rf6 Nd7 28. R6f2 f5 29. Bd3 Ne5 30. Be2 Rce8 31. h3 h4 32. Kh1 Rf7 33. b4 Rc8 34. Qd4 Qf6 35. Rc1 Ng4 36.
Qxf6+ Nxf6 37. Bf3 Rfc7 38. Rfc2 Nd7 39. Kg1 b5 40.
Be2 Nb6 41. c5 dxc5 42. bxc5 Nxd5 43. Bf3 Nb4 44. Rd2 Rxc5 45. Rxc5 Rxc5 46. Rd7+ Kh6 47.
a3 Nc2 48. Rd6 a5 49. Bd5 Kg7 50. Rd7+ Kf6 51. Bb3 Nxa3 52. Rd6+ Ke5 53. Rxg6 a4 54. Bg8 Nc4 55. Ra6 Nd2 56. Kf2 Kf4 57. Ke2 Ne4 58. Bh7 Kg3 59. Rg6+ Kf4 60. Ra6 Rc2+ 61. Kf1 Ke3 62.
Kg1 Rc1+ 63. Kh2 Ng3 64. Re6+ Kf4 0-1

[Event "*** Titled Tuesday Blitz"]
[Site "Chess.com"]
[Date "2020.02.04"]
[Round "8"]
[White "dabee"]
[Black "AlexanderKing"]
[Result "0-1"]
[WhiteElo "2570"]
[BlackElo "2520"]
[TimeControl "180+2"]
[EndTime "10:59:40 PST"]
[Termination "AlexanderKing won on time"]

1. d4 d5 2. Bf4 Nf6 3. e3 e6 4.
Nf3 c5 5. c3 Nc6 6. Nbd2 Bd6 7.
Bg3 O-O 8. Bd3 b6 9. Ne5 Bb7 10. f4 Ne7 11. Bh4 Nf5 12. Bxf5 exf5 13. O-O Be7 14.
Bxf6 Bxf6 15. Qb3 Qc7 16. Qc2 g6 17. Rae1 Rfe8 18. h3 Bg7 19. Qd3 a5 20. Qb1 Re7 21. g4 fxg4 22. hxg4 f6 23. Nef3 Rae8 24. Kf2 Ba6 25. Rg1 Qd7 26. f5 gxf5 27. Qxf5 Qxf5 28. gxf5 Bd3 29. Nh4 cxd4 30. cxd4 Rc8 31. Rc1 Rec7 32. Nb3 Rc2+ 33. Kg3 a4 34. Rxc2 Rxc2 35. Nc1 Be4 36. b3 Bf8 37. bxa4 Bd6+ 38. Kh3+ Kf7 39. Nb3 h5 40. Ng2 Rxa2 41. a5 bxa5 42. Nf4 Bxf5+ 43. Kh4 Bg4 44. Nxh5 Bxh5 45. Kxh5 a4 46. Nc5 a3 47. Kg4 Rc2 48. Ra1 a2 49. Kf3 Bxc5 50. dxc5 Ke6 51. e4 d4 52. c6 Ke5 53. c7 Rc3+ 54. Ke2 Rxc7 55. Rxa2 Kxe4 56. Ra8 Rc2+ 57. Kd1 Rh2 58. Rf8 f5 59. Ke1 f4 60. Re8+ Kf3 61. Rd8 Ke3 62. Re8+ Kd3 63. Rf8 Re2+ 64. Kf1 Re4 65. Kf2 Kc2 66.
Rc8+ Kd2 67. Kf3 Re7 68. Ra8 Rc7 69. Kxf4 d3 70. Ra2+ Rc2 71. Ra1 Ke2 0-1

[Event "*** Titled Tuesday Blitz"]
[Site "Chess.com"]
[Date "2020.02.04"]
[Round "8"]
[White "hanzo_hasashi1"]
[Black "MITerryble"]
[Result "1-0"]
[WhiteElo "2922"]
[BlackElo "2948"]
[TimeControl "180+2"]
[EndTime "10:59:49 PST"]
[Termination "hanzo_hasashi1 won by resignation"]

1. d4 e6 2. c4 Bb4+ 3. Bd2 Qe7 4. Nc3 Nf6 5. Qc2 O-O 6. a3 Bxc3 7. Bxc3 d6 8. Nf3 Nbd7 9. g3 a5 10. b3 b6 11. Bg2 Bb7 12. O-O Be4 13. Qb2 Rfe8 14. Rfd1 h6 15. Rac1 Reb8 16. Bf1 a4 17. b4 b5 18. Nd2 bxc4 19. Nxc4 Bd5 20. Nd2 Nb6 21. e3 Ne4 22. Nxe4 Bxe4 23. Be1 Qf6 24. Bg2 Bf3 25.
Bxf3 Qxf3 26. Qc2 Nd5 27. e4 Nf6 28. e5 Nd5 29. Qd3 Qxd3 30. Rxd3 Kf8 31. Rd2 Ke7 32. Rdc2 Kd7 33. Bd2 h5 34. h4 Rb6 35. Kf1 Raa6 36.
Ke2 Rc6 37. Kd3 Rxc2 38. Rxc2 Rc6 39. Rb2 Rb6 40. exd6 Kxd6 41. Rc2 Rc6 42. Rc5 Rxc5 43. dxc5+ Kd7 44. b5 c6 45. b6 Kc8 46. Ke4 f6 47.
f3 Ne7 48. g4 hxg4 49. fxg4 Kb7 50. h5 Nd5 51. g5 fxg5 52. Bxg5 Kc8 53. Ke5 Kd7 54. b7 Kc7 55. Kxe6 Nc3 56. Kf7 Ne4 57. Bf4+ Kxb7 58. Kxg7 Nxc5 59. Kf7 Nd3 60. Bd6 Nf2 61.
h6 Ne4 62. Bf4 Nc3 63. h7 Nd5 64. Be5 Nb6 65. h8=Q Nd7 66. Ke7 Nb6 67. Qb8+ Ka6 68. Qg8 Kb5 69. Bd4 Nc4 70. Qb8+ Ka5 71. Qb4+ Ka6 72.
Qxc4+ 1-0